 Dungeon Crawl Stone Soup version 0.22-a0-284-g99d1f7439c (webtiles) character file.

37 Infinimo the Chopper (level 3, -2/29 HPs)
             Began as a Demonspawn Berserker on Mar 20, 2018.
             Was a Believer of Trog.
             Splashed by a jelly's acid (6 damage)
             ... on level 2 of the Dungeon on Mar 21, 2018.
             The game lasted 00:02:24 (1002 turns).

Infinimo the Chopper (Demonspawn Berserker)         Turns: 1002, Time: 00:02:24

Health: -2/29      AC:  0    Str: 18    XL:     3   Next: 23%
Magic:  3/3        EV: 12    Int:  8    God:    Trog [**....]
Gold:   45         SH:  0    Dex: 12    Spells: 2/2 levels left

rFire    . . .     SeeInvis .   a - +0 hand axe
rCold    . . .     Gourm    .   (no shield)
rNeg     . . .     Faith    .   b - +0 animal skin
rPois    .         Spirit   .   (no helmet)
rElec    .         Reflect  .   (no cloak)
rCorr    .         Harm     .   (no gloves)
MR       .....                  (no boots)
Stlth    +.........             (no amulet)
HPRegen  0.09/turn              (no ring)
MPRegen  0.08/turn              (no ring)

@: corroded, hasted, very quick
A: slimy green scales 1, spiny 1
a: Berserk, Trog's Hand, Renounce Religion


You were on level 2 of the Dungeon.
You worshipped Trog.
Trog was pleased with you.
You were not hungry.

You visited 1 branch of the dungeon, and saw 2 of its levels.

You collected 45 gold pieces.

Inventory:

Hand Weapons
 a - a +0 hand axe (weapon)
Armour
 b - a +0 animal skin (worn)
Jewellery
 d - an uncursed amulet of the acrobat {unknown}
 g - an uncursed amulet of rage {unknown}
Scrolls
 f - a scroll of teleportation {unknown}
 i - a scroll of enchant weapon {unknown}
Comestibles
 c - a ration


   Skills:
 - Level 3.1 Fighting
 + Level 3.6 Axes
 - Level 2.0 Armour
 - Level 2.0 Dodging


You had 2 spell levels left.
You didn't know any spells.

Dungeon Overview and Level Annotations

Branches:
Dungeon (2/15)

Altars:


Innate Abilities, Weirdness & Mutations

You are partially covered in slimy green scales. (AC +2)
You are partially covered in sharp spines.


Message History

The jelly hits the toadstool but does no damage.
You see here a bat skeleton.
Your hands burn!
The jelly is moderately wounded.
You destroy the toadstool!
The ooze hits the fungus.
The jelly is struck by your spines.
Your hands burn!
The jelly is heavily wounded.
The acid corrodes you!
Your hands burn!
The ooze hits you. The jelly is struck by your spines. The jelly hits you.
You are splashed with acid!
The acid burns!
* * * LOW HITPOINT WARNING * * *
The jelly is struck by your spines.
The ooze hits the fungus.
Okay, then.
Okay, then.
It was a potion of haste.
You feel yourself speed up.
The ooze hits the fungus.
The jelly hits you.
* * * LOW HITPOINT WARNING * * *
You are splashed with acid!
The acid burns!
You die...

##########
(P.......#
.P÷....P.#
.P.P.PJP.#
JP.P...J.#
.....PJP@#
...P.JJJJ#
#######J## ..#
##..)...## .(#
#.######## # #..#
##..'....#
###..#######....#
.....#.##.......#
.......##.......#


You could see 2 jellies and 6 oozes.

Vanquished Creatures
  An ooze (D:2)
  A dart slug (D:2)
  5 bats (D:1)
  A giant cockroach (D:1)
  5 goblins
  A hobgoblin (D:1)
  4 jackals (D:1)
  2 frilled lizards (D:1)
  9 kobolds
  A rat (D:1)
  2 toadstools (D:2)
32 creatures vanquished.

Vanquished Creatures (others)
  3 toadstools (D:2)
3 creatures vanquished.

Grand Total: 35 creatures vanquished

Notes
Turn   | Place    | Note
-------+----------+-------------------------------------------
     0 | D:1      | Infinimo the Demonspawn Berserker began the quest for the Orb.
     0 | D:1      | Reached XP level 1. HP: 18/18 MP: 1/1
   137 | D:1      | Gained mutation: You are partially covered in slimy green scales. (AC +2) [demonic ancestry]
   137 | D:1      | Reached XP level 2. HP: 24/24 MP: 2/2
   886 | D:2      | Reached ** piety under Trog
   889 | D:2      | Gained mutation: You are partially covered in sharp spines. [demonic ancestry]
   889 | D:2      | Reached XP level 3. HP: 29/29 MP: 3/3
  1002 | D:2      | Splashed by a jelly's acid

Vault maps used:
D:1:      scummos_arrival_checkerplants, minmay_misc_feat_cross, minivault_19,
          due_unseen_surprise
D:2:      cheibrodos_fertilizer, first_ration, grunt_gozag_breadcrumbs

Skill      XL: |  1  2 |
---------------+-------+-----
Armour         | 2 |  2.0
Dodging        | 2 |  2.0
Axes           | 3 |  3.6
Fighting       | |  3.1

Action                   || total
-------------------------++-------
Melee: Hand axe          ||    85
Invok: Berserk           ||     4
  Use: Potion            ||     1
  Eat: Chunk             ||     5
Armor: Animal skin       ||    29
Dodge: Dodged            ||    63

Table legend:
 A = Spawn XP
 B = Non-spawn XP
 C = Spawn XP percentage of total XP
 D = Spawn monster count
 E = Non-spawn monster count
 F = Spawn count percentage of total count
 G = Total turns spent on level
                    A         B        C        D         E        F      G
               +---------+---------+-------+---------+---------+-------+---------
         Total |       0 |      54 |   0.0 |       0 |      30 |   0.0 |  1002
               +---------+---------+-------+---------+---------+-------+---------
           D:1 |       0 |      31 |   0.0 |       0 |      20 |   0.0 |   807
           D:2 |       0 |      23 |   0.0 |       0 |      10 |   0.0 |   195
               +---------+---------+-------+---------+---------+-------+---------
